AoeStats
← Tmarahh

Fortress

509561262Analyzed
2v2 RM · 5d ago on Sep 27, 2026· 45m 13s· 4 players
Game mode
Random Map
Map size
Normal (6 player)
Population
200
Speed
Normal
Resources
Standard
Victory
Conquest
Starting age
Dark Age
Ending age
Imperial Age
RankedLock teamsTeams togetherTeam positionsShared explorationLock speedFull tech treeHidden civsTurbo modeCheats
Victory
Defeat
🇮🇳 Saxons · India
646
+11
🇦🇺 Sicilians · Australia
390
+22
🇲🇽 Sicilians · Mexico
564
-18
🇳🇱 Inca · Netherlands
482
-15
Edzongi
5:16 Loom
9:04 Feudal Age
10:52 Wheelbarrow
10:09 Double-Bit Axe
10:07 Horse Collar
13:06 Town Watch
14:07 Stone Mining
14:11 Gold Mining
17:50 Champi Runner
18:16 Arson
23:58 Castle Age
24:18 Scale Mail Armor
24:18 Padded Archer Armor
24:09 Fletching
24:29 Forging
24:01 Pikeman
24:52 Heavy Plow
25:03 Bow Saw
25:30 Gold Shaft Mining
25:31 Stone Shaft Mining
27:03 Stone Shaft Mining
26:46 Hand Cart
26:32 Town Patrol
26:28 Champi Warrior
27:09 Squires
30:32 Town Patrol
38:21 Imperial Age
37:44 Treadmill Crane
38:15 Masonry
38:16 Fortified Wall
38:30 Capped Ram
41:11 Crop Rotation
40:18 Siege Ram
40:39 Elite Champi Warrior
Raf2410
Tmarahh
3:57 Loom
9:37 Feudal Age
10:19 Town Watch
16:27 Wheelbarrow
16:07 Horse Collar
16:22 Stone Mining
16:22 Gold Mining
15:59 Man-at-Arms
16:25 Arson
25:19 Castle Age
23:41 Bloodlines
26:31 Fletching
26:41 Padded Archer Armor
33:22 Husbandry
32:45 Light Cavalry
33:09 Crossbowman
36:07 Double-Bit Axe
36:33 Heavy Plow
42:54 Gold Shaft Mining
42:55 Stone Shaft Mining
42:23 Pikeman
vinayrayal92
6:27 Feudal Age
11:08 Loom
11:59 Wheelbarrow
15:59 Castle Age
17:18 Double-Bit Axe
21:03 Squires
25:10 Gambesons
33:39 Imperial Age
31:48 Horse Collar
32:22 Bow Saw
34:29 Forging
34:21 Scale Mail Armor
34:16 Arson
33:59 Elite Varangian Guard
35:25 Conscription
35:17 Heavy Plow
35:15 Stone Mining
35:26 Gold Mining
35:15 Shield Wall
37:42 Hoardings
38:35 Iron Casting
38:15 Chain Mail Armor
38:00 Elite Hearth Troop
39:11 Clerical Recruitment
40:13 Block Printing
40:28 Illumination
41:04 Herbal Medicine
42:55 Plate Mail Armor
42:27 Capped Ram
44:41 Sanctity
Connection lost

Rejoining the realm…

Still unreachable

The connection could not be restored.

Session expired

The server has moved on; the page needs a fresh start.